 Dungeon Crawl Stone Soup version 0.22-a0-247-gbddf880 (webtiles) character file.

38 Firecrotchwizard the Sneak (level 3, -2/19 HPs)
             Began as a Vine Stalker Assassin on Feb 23, 2018.
             Slain by a worm (5 damage)
             ... on level 2 of the Dungeon.
             The game lasted 00:03:32 (1305 turns).

Firecrotchwizard the Sneak (Vine Stalker Assassin)  Turns: 1305, Time: 00:03:33

Health: -2/19      AC:  3    Str: 13    XL:     3   Next: 43%
Magic:  0/4        EV: 11    Int: 11    God:
Gold:   145        SH:  0    Dex: 16    Spells: 2/2 levels left

rFire    . . .     SeeInvis .   a - +2 dagger
rCold    . . .     Gourm    .   (no shield)
rNeg     . . .     Faith    .   c - +0 robe
rPois    .         Spirit   +   (no helmet)
rElec    .         Reflect  .   d - +0 cloak
rCorr    .         Harm     .   (no gloves)
MR       .....                  (no boots)
Stlth    +++.......             (no amulet)
HPRegen  0.06/turn              (no ring)
MPRegen  0.09/turn              (no ring)

@: lethally poisoned (-2 -> -5)
A: fangs 2, magic shield, antimagic bite, no potion heal 3, rot immunity
a: no special abilities


You were on level 2 of the Dungeon.
You were not hungry.

You visited 1 branch of the dungeon, and saw 2 of its levels.

You collected 145 gold pieces.

Inventory:

Hand Weapons
 a - a +2 dagger (weapon)
 b - a +0 blowgun
 o - a +2 whip of venom
   (You found it on level 1 of the Dungeon)
Missiles
 e - 8 poisoned needles
Armour
 c - a +0 robe (worn)
 d - a +0 cloak (worn)
Scrolls
 h - 2 scrolls of fog {unknown}
 j - a scroll of magic mapping {unknown}
 l - 3 scrolls of identify {unknown}
 p - a scroll of random uselessness {unknown}
 q - a scroll of teleportation {unknown}
Potions
 i - a potion of degeneration {unknown}
 k - a potion of brilliance {unknown}
 m - a potion of berserk rage {unknown}
 n - a potion of curing {unknown}
 s - a potion of heal wounds {unknown}
Comestibles
 g - 7 rations {@e1}
 r - a chunk of flesh {@w0}


   Skills:
 + Level 2.3 Fighting
 * Level 3.0 Short Blades
 - Level 1.7 Throwing
 - Level 0.7 Dodging
 - Level 4.8 Stealth


You had 2 spell levels left.
You didn't know any spells.

Dungeon Overview and Level Annotations

Branches:
Dungeon (2/15)

Altars:


Innate Abilities, Weirdness & Mutations

You have extremely sharp teeth.
When hurt, damage is shared between your health and your magic reserves.
Your bite disrupts and absorbs the magic of your enemies.
Potions cannot restore your health.
You are immune to rotting.


Message History

You climb downwards.
A bat and a quokka come into view.
Found a stone staircase leading down.
There is a stone staircase leading up here.
The helpless quokka fails to defend itself.
You impale the quokka!!
You kill the quokka!
The helpless bat fails to defend itself.
You impale the bat!!
You kill the bat!
Health restored: 19 You butcher the bat corpse.
r - a chunk of flesh {@w0}
g - 5 rations {@e1} (gained 1)
You now have 125 gold pieces (gained 14).
A kobold comes into view. It is wielding a dagger.
The kobold shouts!
You hear a shout!
You hit the kobold. You bite the kobold, but do no damage.
The kobold closely misses you.
You closely miss the kobold. The kobold hits you but does no damage.
A kobold comes into view. It is wielding a dagger.
You hit the kobold but do no damage. The kobold hits you but does no damage.
You hit the kobold.
You kill the kobold!
The kobold throws a stone.
The stone hits you but does no damage. The kobold closely misses you.
Things that are here:
a dagger; a kobold corpse You hit the kobold.
You kill the kobold!
No target in view!
Things that are here:
a dagger; 3 stones; a kobold corpse You now have 132 gold pieces (gained 7).
A worm comes into view.
The worm moves out of view.
No target in view!
No target in view!
You now have 145 gold pieces (gained 13).
An ooze comes into view.
The ooze quivers.
The ooze hits you.
You take 1 damage, and have 18/19 hp.
You now have 3/4 mp.
You hit the ooze. You hit the ooze. The ooze closely misses you.
You hit the ooze. You bite the ooze, but do no damage. The ooze hits you.
You take 2 damage, and have 16/19 hp.
You hit the ooze.
You kill the ooze!
No target in view!
You start resting.
Health restored: 19; MP restored: 4
g - 6 rations {@e1} (gained 1)
A rat comes into view.
The rat bites you but does no damage.
You barely miss the rat. Your bite misses the rat. The rat misses you.
You hit the rat.
You kill the rat!
Your Short Blades skill increases to level 3!
No target in view!
g - 7 rations {@e1} (gained 1)
s - a fizzy dark potion A worm comes into view.
An adder comes into view.
You hit the worm. Your bite misses the worm. The worm closely misses you.
You hit the worm.
The adder hisses angrily.
The adder moves out of view.
You hit the worm but do no damage. The worm bites you!
You take 8 damage, and have 11/19 hp.
MASSIVE DAMAGE!!
You now have 2/4 mp.
You aren't carrying any items that you can evoke.
You don't know any spells.
b - a +0 blowgun (weapon)
Firing (i - inventory. (/) - cycle)
e - 8 poisoned needles (quivered)
Okay, then.
Quiver which item? (- for none, * to show all) (? for menu, Esc to quit)
Quivering
f - 2 curare-tipped needles for blowguns.
Firing (i - inventory. (/) - cycle)
f - 2 curare-tipped needles (quivered)
Aim: an adder You shoot a curare-tipped needle.
The curare-tipped needle barely misses the adder.
The worm bites you. The adder bites you.
You are poisoned.
The adder poisons you!
You take 4 damage, and have 7/19 hp.
MASSIVE DAMAGE!!
Firing (i - inventory. (/) - cycle)
f - a curare-tipped needle (quivered)
Aim: an adder You shoot a curare-tipped needle.
The curare-tipped needle barely misses the adder.
You feel sick. The adder bites you.
* * * LOW HITPOINT WARNING * * *
You take 4 damage, and have 3/19 hp.
MASSIVE DAMAGE!!
You now have 1/4 mp.
a - a +2 dagger (weapon)
The worm bites you.
You die...

....# #.. .... #.#.# #.#
# #.#.# #.. .# #.#.# #.
#. #.#.# #. #. #.#.# #.
#w########.#.# #.
#.@........#.#####.
#......S................
#.####(##.##.###....(...
#$ #.##.# #.##..... #.
#.##.###.##.#... #.
$..#............ ##
#..#..##.##.##.#
#..#..##.......#
#.##.####


You could see a worm and an adder.

Vanquished Creatures
  An ooze (D:2)
  2 dart slugs (D:1)
  A leopard gecko (D:1)
  A bat (D:2)
  3 giant cockroaches (D:1)
  A goblin (D:1)
  4 hobgoblins (D:1)
  3 jackals (D:1)
  4 kobolds
  A quokka (D:2)
  2 frilled lizards (D:1)
  4 rats
27 creatures vanquished.

Notes
Turn   | Place    | Note
-------+----------+-------------------------------------------
     0 | D:1      | Firecrotchwizard the Vine Stalker Assassin began the quest for the Orb.
     0 | D:1      | Reached XP level 1. HP: 11/11 MP: 2/2
   122 | D:1      | Reached skill level 2 in Short Blades
   190 | D:1      | Reached skill level 2 in Fighting
   202 | D:1      | Reached XP level 2. HP: 15/15 MP: 3/3
   825 | D:1      | Reached XP level 3. HP: 18/18 MP: 4/4
  1277 | D:2      | Reached skill level 3 in Short Blades
  1304 | D:2      | HP: 3/19 [adder (3)]
  1305 | D:2      | Slain by a worm

Vault maps used:
D:1:      minmay_arrival_widening_spiral_wide, hangedman_decor_push
D:2:      lightli_temple_of_fire, first_ration

Skill      XL: |  1  2  3 |
---------------+----------+-----
Short Blades   | 2 3 |  3.0
Fighting       | 2 |  2.3
Throwing       | |  1.7
Dodging        | |  0.7
Stealth        | |  4.8

Action                   || total
-------------------------++-------
Melee: Dagger            ||    71
       Bite              ||    13
 Fire: Blowgun           ||     2
 Stab: Sleeping          ||     8
  Eat: Chunk             ||     1
Armor: Robe              ||    12
Dodge: Dodged            ||    32

Table legend:
 A = Spawn XP
 B = Non-spawn XP
 C = Spawn XP percentage of total XP
 D = Spawn monster count
 E = Non-spawn monster count
 F = Spawn count percentage of total count
 G = Total turns spent on level
                    A         B        C        D         E        F      G
               +---------+---------+-------+---------+---------+-------+---------
         Total |       0 |      55 |   0.0 |       0 |      27 |   0.0 |  1305
               +---------+---------+-------+---------+---------+-------+---------
           D:1 |       0 |      41 |   0.0 |       0 |      21 |   0.0 |  1145
           D:2 |       0 |      14 |   0.0 |       0 |       6 |   0.0 |   160
               +---------+---------+-------+---------+---------+-------+---------

Vault maps used:
D:1:      minmay_arrival_widening_spiral_wide, hangedman_decor_push
D:2:      lightli_temple_of_fire, first_ration

Table legend:
 A = Turns spent in this place as a percentage of turns spent in the entire game.
 B = Non-inter-level travel turns spent in this place as a percentage of non-inter-level travel turns spent in the entire game.
 C = Inter-level travel turns spent in this place as a percentage of turns spent in this place.
 D = Turns resting spent in this place as a percentage of non-inter-level travel turns spent in this place.
 E = Turns spent auto-exploring this place as a percentage of non-inter-level travel turns spent in this place.
 F = Non-inter-level travel turns spent in this place divided by the number of levels of this place that you've seen.
                   A       B       C       D       E      F
               +-------+-------+-------+-------+-------+----------------------
         Total | 100.0 | 100.0 |   1.9 |  24.5 |  58.7 | 640.0
       Dungeon | 100.0 | 100.0 |   1.9 |  24.5 |  58.7 | 640.0
               +-------+-------+-------+-------+-------+----------------------

Table legend:
 A = Kills in this place as a percentage of kills in entire the game.
 B = Kills by you in this place as a percentage of kills by you in the entire game.
 C = Kills by friends in this place as a percentage of kills by friends in the entire game.
 D = Other kills in this place as a percentage of other kills in the entire game.
 E = Experience gained in this place as a percentage of experience gained in the entire game.
 F = Experience gained in this place divided by the number of levels of this place that you have seen.
                   A       B       C       D       E      F
               +-------+-------+-------+-------+-------+----------------------
         Total | 100.0 | 100.0 |   N/A |   N/A | 100.0 |  27.5
       Dungeon | 100.0 | 100.0 |   N/A |   N/A | 100.0 |  27.5
               +-------+-------+-------+-------+-------+----------------------
